[Event "December 19 Late 2023"]
[Site "https://www.chess.com"]
[Date "2023.12.19"]
[Round "9"]
[White "Rees, Ioan"]
[Black "Crispin Ferreras, Darvi Abraham"]
[Result "1/2-1/2"]
[Board "71"]
[TimeControl "180+1"]
[WhiteFideId "1801236"]
[BlackFideId "6402771"]
[WhiteElo "2270"]
[BlackElo "2149"]
[WhiteTeam "WLS"]
[BlackTeam "DOM"]
[WhiteClock "0:00:18"]
[BlackClock "0:00:18"]

1. e4 e6 2. d4 d5 3. e5 c5 4. c3 Qb6 5. Nf3 Bd7 6. Be2 cxd4 7. cxd4 Bb5 8. O-O Nc6 9. Nc3 Bxe2 10. Nxe2 Nge7 11. Be3 Nf5 12. Qd2 Bb4 13. Qd3 O-O 14. g4 Nxe3 15. fxe3 f6 16. exf6 Rxf6 17. Ng5 Rh6 18. Rf7 Rf8 19. Raf1 Nd8 20. Rxf8+ Bxf8 21. Nxh7 Bd6 22. Ng5 Rxh2 23. Qg6 Qc6 24. Nxe6 Nxe6 25. Qxe6+ Kh8 26. Rf8+ Bxf8 27. Qxc6 bxc6 28. Kxh2 g6 29. Kg3 Bd6+ 30. Kf3 Kg7 31. e4 dxe4+ 32. Kxe4 Kf6 33. Nc3 Ke6 34. Ne2 Kf6 35. Nc3 Ke6 36. a4 a6 37. d5+ cxd5+ 38. Nxd5 Be5 39. b4 Kd6 40. Ne3 Bc3 41. Nd5 Bd2 42. Nf4 g5 43. Nd5 Kc6 44. Ne3 Bxb4 45. Kf5 Bd2 46. Nc4 Bc1 47. Ne5+ Kc5 48. Nf7 Kb4 49. Nxg5 Kxa4 50. Ne6 Kb3 51. g5 a5 52. g6 Bb2 53. Ke4 Bf6 54. Kd3 a4 55. Nc5+ Ka3 56. Nxa4 Kxa4 57. Ke4 Kb5 58. Kf5 Bd4 59. Ke6 Kc5 60. Kf7 Be5 61. g7 Bxg7 1/2-1/2

[Event "December 19 Late 2023"]
[Site "https://www.chess.com"]
[Date "2023.12.19"]
[Round "9"]
[White "Osmak, Yuliia"]
[Black "Ardila, Oscar Humberto"]
[Result "1-0"]
[Board "72"]
[TimeControl "180+1"]
[WhiteFideId "14101602"]
[BlackFideId "4404742"]
[WhiteElo "2303"]
[BlackElo "1915"]
[WhiteTeam "UKR"]
[BlackTeam "COL"]
[WhiteClock "0:00:08"]
[BlackClock "0:00:00"]

1. e4 e5 2. Nf3 Nf6 3. Nc3 Nc6 4. Bb5 Bb4 5. O-O O-O 6. Bxc6 bxc6 7. Nxe5 Bxc3 8. dxc3 Nxe4 9. Bf4 Re8 10. Nd3 d6 11. Re1 h6 12. Qf3 d5 13. h3 Qf6 14. Bxc7 Qxf3 15. gxf3 Nf6 16. Kg2 Bf5 17. Be5 Nd7 18. Bg3 f6 19. Re3 Kf7 20. Rae1 Nb6 21. b3 Nd7 22. Bd6 Re6 23. Rxe6 Bxe6 24. Bc5 a5 25. a4 Re8 26. Bd6 g5 27. Bc7 Ra8 28. Bd6 Re8 29. Re3 Rd8 30. Bc7 Ra8 31. f4 Rg8 32. fxg5 Rxg5+ 33. Kh2 Rf5 34. f4 Nf8 35. Rf3 Ng6 36. Bxa5 Nh4 37. Rf2 d4 38. Bb4 dxc3 39. Bxc3 Bd5 40. Kg3 Ng6 41. a5 Be4 42. a6 c5 43. a7 Rd5 44. Kh2 Rd7 45. Nxc5 Rxa7 46. Nxe4 Ne7 47. Ng3 Nd5 48. Bd4 Ra2 49. c4 Nb4 50. Rxa2 Nxa2 51. Bc5 Ke6 52. b4 Nc3 53. b5 Na4 54. Bg1 1-0

[Event "December 19 Late 2023"]
[Site "https://www.chess.com"]
[Date "2023.12.19"]
[Round "9"]
[White "Hoffmann, Asa"]
[Black "Yagupov, Igor"]
[Result "0-1"]
[Board "73"]
[TimeControl "180+1"]
[WhiteFideId "2001470"]
[BlackFideId "4113632"]
[WhiteElo "2117"]
[BlackElo "2179"]
[WhiteTeam "USA"]
[BlackTeam "RUS"]
[WhiteClock "0:00:27"]
[BlackClock "0:00:59"]

1. d4 d5 2. Bg5 f6 3. Bf4 Nc6 4. Nf3 Bg4 5. Nbd2 Nxd4 6. Nxd4 e5 7. h3 Bh5 8. Ne6 Qe7 9. Nxf8 exf4 10. c3 O-O-O 11. Qa4 Kb8 12. Nxh7 g5 13. Nxf6 Nxf6 14. O-O-O Rhe8 15. Nf3 Ne4 16. Rg1 Nxf2 17. Rd2 Bg6 18. Nd4 Qe3 19. Qb5 a6 20. Qb4 Ne4 21. Nb3 Nxd2 22. Nxd2 Qxg1 0-1

[Event "December 19 Late 2023"]
[Site "https://www.chess.com"]
[Date "2023.12.19"]
[Round "9"]
[White "Perea Fruet, Lorenzo"]
[Black "Gao, Raymond"]
[Result "1-0"]
[Board "74"]
[TimeControl "180+1"]
[WhiteFideId "24595870"]
[BlackFideId "2629429"]
[WhiteElo "2268"]
[BlackElo "1953"]
[WhiteTeam "ESP"]
[BlackTeam "CAN"]
[WhiteClock "0:02:28"]
[BlackClock "0:02:23"]

1. f4 d5 2. Nf3 Nf6 3. d3 Bg4 4. Nbd2 g6 5. h3 Bxf3 6. Nxf3 Bg7 7. g4 c5 8. Bg2 Nc6 9. O-O O-O 10. c3 Qc7 11. Qe1 e5 12. f5 e4 13. dxe4 dxe4 14. Nd2 Rfe8 15. g5 Nh5 16. f6 Bf8 17. Nxe4 Rxe4 18. Bxe4 Ng3 19. Bf4 Bd6 20. Qxg3 1-0

[Event "December 19 Late 2023"]
[Site "https://www.chess.com"]
[Date "2023.12.19"]
[Round "9"]
[White "Stojanovski, Sandi"]
[Black "Slavin, Alexey"]
[Result "1-0"]
[Board "75"]
[TimeControl "180+1"]
[WhiteFideId "1403249"]
[BlackFideId "24104388"]
[WhiteElo "2516"]
[BlackElo "2264"]
[WhiteTeam "DEN"]
[BlackTeam "RUS"]
[WhiteClock "0:00:21"]
[BlackClock "0:00:00"]

1. d3 Nc6 2. g3 Nf6 3. Bg2 e5 4. Nf3 Bc5 5. O-O d6 6. c3 Bb6 7. Na3 a6 8. Nc4 Ba7 9. a4 h6 10. b4 Be6 11. b5 axb5 12. axb5 Ne7 13. Be3 Bxe3 14. Nxe3 Rxa1 15. Qxa1 O-O 16. Qa7 b6 17. c4 Nd7 18. d4 f5 19. dxe5 dxe5 20. Rd1 Qc8 21. Nd5 Nxd5 22. cxd5 Bf7 23. d6 c5 24. bxc6 Qxc6 25. Qc7 Qb5 26. e3 Be6 27. Nh4 Kh7 28. Bc6 Qb3 29. Rc1 Nc5 30. d7 Qd3 31. Qxb6 Nxd7 32. Bxd7 Qxd7 33. Qc5 e4 34. Qxf8 Qd2 35. Qc5 Qe2 36. Ng2 Qf3 37. Nf4 Bf7 38. Qc2 Bg6 39. Qe2 Bh5 40. Qxf3 Bxf3 41. Ne6 g5 42. Nd4 Bg4 43. Rc5 Kg6 44. h4 f4 45. gxf4 gxh4 46. Re5 h3 47. Rxe4 h5 48. Re5 Kf6 49. Kh2 h4 50. Rg5 Bd7 51. Nf3 Be6 52. Nxh4 Bd5 53. Nf3 Bxf3 54. Rg3 Be4 55. Rxh3 Ke6 56. Rg3 Kd6 57. Rg5 Bf3 58. Kg3 Be4 59. Re5 Bc2 60. Kh4 Kd7 61. Kg5 Kd6 62. Ra5 Bb3 63. f5 Bc2 64. Kf4 Ke7 65. f3 Kf6 66. e4 Ke7 67. Rc5 Bd3 68. Rc3 Bb5 69. e5 Bd7 70. Rc5 Be8 71. e6 Kf6 72. Rc7 Bh5 73. Rc1 Be8 74. Rh1 1-0

[Event "December 19 Late 2023"]
[Site "https://www.chess.com"]
[Date "2023.12.19"]
[Round "9"]
[White "Romero Ruscalleda, Josep"]
[Black "Shapiro, Viktor"]
[Result "0-1"]
[Board "76"]
[TimeControl "180+1"]
[WhiteFideId "2231859"]
[BlackFideId "4175700"]
[WhiteElo "2200"]
[BlackElo "2044"]
[WhiteTeam "ESP"]
[BlackTeam "RUS"]
[WhiteClock "0:00:11"]
[BlackClock "0:00:14"]

1. e4 Nf6 2. e5 Nd5 3. Nf3 d6 4. d4 Bg4 5. Be2 e6 6. O-O Be7 7. Re1 O-O 8. h3 Bh5 9. c4 Nb6 10. exd6 cxd6 11. b3 d5 12. c5 Bxf3 13. Bxf3 Nc8 14. Bf4 Nc6 15. Nc3 Bf6 16. Ne2 N8e7 17. Rb1 Nf5 18. Be3 b6 19. b4 bxc5 20. dxc5 Rb8 21. b5 Nxe3 22. fxe3 Ne5 23. c6 Qa5 24. a4 Nc4 25. Nd4 Qb6 26. Kh1 Nxe3 27. Rxe3 Qxd4 28. Rd3 Qf4 29. Qc1 Qxc1+ 30. Rxc1 Rfc8 31. g4 Bd8 32. Kg2 Bc7 33. h4 g6 34. h5 Kg7 35. Kf2 a6 36. Rb1 axb5 37. axb5 Bd6 38. Rc3 Rb6 39. Be2 Ra8 40. Rbc1 Bc7 41. R1c2 Ra4 42. hxg6 hxg6 43. Rh3 Rb4 44. Rc1 e5 45. Ra3 Rb2 46. Kf1 e4 47. Ra7 Bf4 48. c7 Rf6 49. c8=Q Bxc1+ 50. Ke1 Bd2+ 51. Kd1 e3 52. Ra1 Rb4 53. g5 Rf5 54. Qc5 Rxg5 55. Qxd5 Rxd5 56. b6 Rxb6 57. Ra2 Rb1+ 58. Kc2 Rc1+ 59. Kb3 Rd6 60. Rc2 Rb6+ 61. Kc4 Rxc2+ 62. Kd5 Rf6 0-1

[Event "December 19 Late 2023"]
[Site "https://www.chess.com"]
[Date "2023.12.19"]
[Round "9"]
[White "UnTucopalaTimba"]
[Black "Cervantes Landeiro, Thalia"]
[Result "0-1"]
[Board "77"]
[TimeControl "180+1"]
[BlackFideId "3520498"]
[WhiteElo "2271"]
[BlackElo "2189"]
[BlackTeam "USA"]
[WhiteClock "0:00:09"]
[BlackClock "0:00:18"]

1. e4 c5 2. Nf3 d6 3. Bb5+ Nd7 4. d4 cxd4 5. Qxd4 a6 6. Bxd7+ Bxd7 7. Bg5 Nf6 8. Bxf6 gxf6 9. O-O Rg8 10. Kh1 Rc8 11. c4 Bg7 12. Nc3 f5 13. Qd3 Bxc3 14. bxc3 fxe4 15. Qxe4 Bc6 16. Qxh7 Kd7 17. Qf5+ Kc7 18. Rab1 Qf8 19. c5 dxc5 20. Qxc5 Kb8 21. Qe5+ Ka8 22. Rfe1 e6 23. Qf4 Qg7 24. Qg3 Qxc3 25. Qf4 Rg6 26. Qxf7 Rcg8 27. Rec1 Qd3 28. Rd1 Qe4 29. Re1 Qg4 30. Rg1 R6g7 31. Qf6 Rh7 32. Rbe1 Rgh8 33. Qxe6 Bxf3 34. Qxg4 Rxh2# 0-1

[Event "December 19 Late 2023"]
[Site "https://www.chess.com"]
[Date "2023.12.19"]
[Round "9"]
[White "Rangel, Daniel"]
[Black "Chemin, Justo Reinaldo"]
[Result "1-0"]
[Board "78"]
[TimeControl "180+1"]
[WhiteFideId "2124475"]
[BlackFideId "2101580"]
[WhiteElo "2267"]
[BlackElo "1940"]
[WhiteTeam "BRA"]
[BlackTeam "BRA"]
[WhiteClock "0:00:14"]
[BlackClock "0:00:00"]

1. c4 e6 2. g3 d5 3. Bg2 Nf6 4. Nf3 c6 5. O-O Nbd7 6. b3 Bd6 7. Bb2 O-O 8. d3 b6 9. Nbd2 Bb7 10. e3 a5 11. a3 c5 12. Qc2 Re8 13. e4 d4 14. a4 e5 15. h3 Nf8 16. Nh2 Bc8 17. f4 Qc7 18. f5 Nh5 19. g4 Nf4 20. Rf2 g5 21. Ndf3 h6 22. h4 f6 23. Nf1 Qg7 24. hxg5 hxg5 25. Ng3 Re7 26. Bc1 Rf7 27. Bf1 Raa7 28. Rh2 Nh7 29. Ra2 Kf8 30. Qd1 Ke8 31. Nh5 Qf8 32. Rae2 Qg8 33. Re1 Bf8 34. Ree2 Nxe2+ 35. Qxe2 Rae7 36. Bd2 Bb7 37. Kf2 Bg7 38. Qe1 Nf8 39. Ng1 Bh8 40. Ne2 Rh7 41. Neg3 Nd7 42. Ke2 Kd8 43. Kd1 Kc7 44. Kc2 Kb8 45. Kb2 Ka7 46. Be2 Nb8 47. Qh1 Nc6 48. Qe1 Qd8 49. Ka3 Nb4 50. Bxb4 cxb4+ 51. Kb2 Rc7 52. Qh1 Qd6 53. Bf1 Qc5 54. Bg2 Ba6 55. Bf3 b5 56. axb5 Bxb5 57. cxb5 Qc3+ 58. Ka2 Qxd3 59. Rb2 Rc3 60. Be2 Qe3 61. Bc4 Rc7 62. Qd1 1-0

[Event "December 19 Late 2023"]
[Site "https://www.chess.com"]
[Date "2023.12.19"]
[Round "9"]
[White "Pham, Le Thao Nguyen"]
[Black "Kovacevic, Radmila"]
[Result "1-0"]
[Board "79"]
[TimeControl "180+1"]
[WhiteFideId "12401226"]
[BlackFideId "933171"]
[WhiteElo "2261"]
[BlackElo "2052"]
[WhiteTeam "VIE"]
[BlackTeam "SRB"]
[WhiteClock "0:00:08"]
[BlackClock "0:00:06"]

1. d4 e5 2. dxe5 Nc6 3. Nf3 Qe7 4. Qd5 f6 5. exf6 Nxf6 6. Qd1 d5 7. e3 Bg4 8. Be2 O-O-O 9. c3 h5 10. h3 Bxf3 11. Bxf3 g5 12. b4 Bg7 13. b5 Ne5 14. Be2 g4 15. Ba3 Qf7 16. Bc5 b6 17. Bd4 Ne4 18. Rf1 gxh3 19. gxh3 Rdf8 20. Nd2 Nxf2 21. Qc2 Rh6 22. a4 Bh8 23. a5 Re6 24. axb6 cxb6 25. c4 Re7 26. c5 Rc7 27. c6 Qf6 28. Ra2 Qh4 29. Bxe5 Bxe5 30. Nf3 Rxf3 31. Bxf3 Ne4+ 32. Kd1 Nc3+ 33. Kc1 Nxa2+ 34. Qxa2 Qc4+ 35. Qxc4 dxc4 36. Bd5 Rg7 37. Bxc4 Kc7 38. Kd2 Bg3 39. Kd3 h4 40. Bd5 Kd6 41. Kc4 a6 42. bxa6 b5+ 43. Kd4 Be5+ 44. Ke4 Re7 45. Rd1 Bc3+ 46. Kf3 Kc5 47. e4 b4 48. Rc1 Ra7 49. Rd1 Kb5 50. Kf4 Kxa6 51. e5 Kb6 52. e6 Re7 53. Ke4 Kc5 54. Rf1 Kd6 55. Rf7 Bb2 56. Rxe7 Kxe7 57. c7 Bf6 58. c8=Q b3 59. Qd7+ Kf8 60. Qf7# 1-0

[Event "December 19 Late 2023"]
[Site "https://www.chess.com"]
[Date "2023.12.19"]
[Round "9"]
[White "Vargas Rodriguez, Wilver"]
[Black "Benedetti, Julio"]
[Result "1-0"]
[Board "80"]
[TimeControl "180+1"]
[WhiteFideId "3509672"]
[BlackFideId "172545"]
[WhiteElo "2210"]
[BlackElo "2299"]
[WhiteTeam "CUB"]
[BlackTeam "ARG"]
[WhiteClock "0:00:33"]
[BlackClock "0:00:03"]

1. e4 c5 2. Nc3 Nc6 3. g3 g6 4. Bg2 Bg7 5. d3 e6 6. Nge2 Nge7 7. Be3 d6 8. Qd2 Rb8 9. Bh6 O-O 10. h4 f6 11. Bxg7 Kxg7 12. h5 g5 13. f4 h6 14. d4 cxd4 15. Nxd4 Nxd4 16. Qxd4 Nc6 17. Qd2 Qb6 18. O-O-O Rd8 19. fxg5 fxg5 20. Rdf1 Ne5 21. Na4 Qc7 22. b3 Bd7 23. Nb2 Bb5 24. c4 Bc6 25. Nd3 b5 26. Nxe5 dxe5 27. Qf2 Qe7 28. cxb5 Bxb5 29. Rd1 Rbc8+ 30. Kb2 Bd3 31. Rc1 a5 32. Rhd1 Rxc1 33. Rxc1 a4 34. bxa4 Rd4 35. Ka1 Rxa4 36. Qb2 Ra5 37. Qb6 Ra3 38. Rc7 Qxc7 39. Qxc7+ Kf6 40. Qd8+ Kf7 41. Bh3 Bc4 42. Qc7+ Kf6 43. Qxc4 Rxg3 44. Qxe6+ 1-0

[Event "December 19 Late 2023"]
[Site "https://www.chess.com"]
[Date "2023.12.19"]
[Round "9"]
[White "Hamidi, Amir Mohammad"]
[Black "Carrasco Miranda, Andres"]
[Result "1-0"]
[Board "81"]
[TimeControl "180+1"]
[WhiteFideId "12563285"]
[BlackFideId "3405990"]
[WhiteElo "2217"]
[BlackElo "2183"]
[WhiteTeam "IRI"]
[BlackTeam "CHI"]
[WhiteClock "0:00:04"]
[BlackClock "0:00:01"]

1. Nf3 Nf6 2. c4 g6 3. g3 Bg7 4. Bg2 O-O 5. O-O d6 6. Nc3 Nc6 7. d3 e5 8. Rb1 a5 9. a3 Nh5 10. b4 axb4 11. axb4 f5 12. Bg5 Qe8 13. Nd5 Qf7 14. b5 Nd8 15. Bxd8 Rxd8 16. Ng5 Qd7 17. b6 c6 18. Nc7 Ra2 19. Bf3 Nf6 20. Qb3 Ra5 21. Nge6 e4 22. Bg2 Qxe6 23. Nxe6 Bxe6 24. Qb4 Ra6 25. Ra1 Rxa1 26. Rxa1 e3 27. fxe3 Ng4 28. Ra7 Nxe3 29. Rxb7 Bd4 30. Kh1 f4 31. Re7 Bg4 32. Bf3 Bxf3+ 33. exf3 fxg3 34. hxg3 Nf5 35. b7 Nxe7 36. b8=Q Rxb8 37. Qxb8+ Kf7 38. Qxd6 c5 39. f4 h5 40. Qc7 Kf6 41. Kg2 Nf5 42. Qc6+ Kf7 43. Kf3 Kg7 44. Qb7+ Kf6 45. Qa6+ Kg7 46. Qa2 Kf6 47. Qe2 Kf7 48. Qe4 Kf6 49. Qa8 Kf7 50. Ke4 Nxg3+ 51. Kd5 Nf5 52. Kc6 h4 53. Qa7+ Ne7+ 54. Kb5 Bf6 55. Qa2 Nf5 56. Qh2 Bd4 57. Kc6 Ke6 58. Qe2+ Kf6 59. Qg4 Bf2 60. Qg5+ Kf7 61. Kd5 Bg3 62. Ke5 h3 63. Qf6+ Ke8 64. Qxg6+ Ke7 65. Qxf5 h2 66. Qh7+ Kf8 67. Kf6 h1=Q 68. Qf7# 1-0

[Event "December 19 Late 2023"]
[Site "https://www.chess.com"]
[Date "2023.12.19"]
[Round "9"]
[White "Dwilewicz, Katarzyna"]
[Black "Spata, German"]
[Result "0-1"]
[Board "82"]
[TimeControl "180+1"]
[WhiteFideId "1148486"]
[BlackFideId "113026"]
[WhiteElo "2098"]
[BlackElo "2260"]
[WhiteTeam "POL"]
[BlackTeam "ARG"]
[WhiteClock "0:00:02"]
[BlackClock "0:00:12"]

1. e4 c5 2. c3 a6 3. d4 e6 4. d5 exd5 5. exd5 d6 6. Nf3 Nf6 7. a4 g6 8. Be2 Bg7 9. O-O O-O 10. h3 Re8 11. Bf4 Bf5 12. Nbd2 Ne4 13. Nc4 Qf6 14. Bh2 h5 15. Re1 Nd7 16. a5 h4 17. Qc1 Re7 18. Bd3 Rae8 19. Bxe4 Rxe4 20. Rxe4 Rxe4 21. Nxd6 Re2 22. Nxf5 Qxf5 23. Ra4 Ne5 24. Rf4 Nxf3+ 25. Rxf3 Qxd5 26. Bf4 Qb3 27. Rd3 Qxb2 28. Rd8+ Kh7 29. Qxb2 Rxb2 30. c4 Bd4 31. Be3 Bxe3 32. fxe3 Kg7 33. Rd5 Rb3 34. Kf2 f5 35. Rxc5 Kf6 36. Kf3 Kg5 37. Rc7 Rb4 38. c5 Rb5 39. c6 bxc6 40. Rxc6 Rxa5 41. Rc7 Ra3 42. Kf2 Ra2+ 43. Kf3 a5 44. Ra7 Ra3 45. Kf2 Ra1 46. Ra6 a4 47. Ra5 a3 48. Ke2 Kf6 49. Kf2 Ke6 50. Ra6+ Kf7 51. Ra4 g5 52. Ra6 a2 53. Ra5 Ke6 54. Ra6+ Ke5 55. Ra5+ Ke4 56. Ra4+ Kd3 57. Ra5 g4 58. hxg4 fxg4 59. Ra3+ Kc2 60. e4 Kb2 61. Ra8 Rc1 62. Rb8+ Kc2 63. Rc8+ Kd2 64. Ra8 a1=Q 65. Rxa1 Rxa1 0-1

[Event "December 19 Late 2023"]
[Site "https://www.chess.com"]
[Date "2023.12.19"]
[Round "9"]
[White "Zhukov, Maksim"]
[Black "Bold, Andre"]
[Result "1/2-1/2"]
[Board "83"]
[TimeControl "180+1"]
[WhiteFideId "34181790"]
[BlackFideId "16208471"]
[WhiteElo "1925"]
[BlackElo "2110"]
[WhiteTeam "RUS"]
[BlackTeam "GER"]
[WhiteClock "0:00:14"]
[BlackClock "0:00:13"]

1. e4 c6 2. Nf3 d5 3. d3 Bg4 4. h3 Bh5 5. Nc3 e6 6. g4 Bg6 7. Ne5 Nd7 8. Nxd7 Qxd7 9. f4 f6 10. Bg2 Bb4 11. Bd2 Bf7 12. a3 Ba5 13. exd5 exd5 14. Qe2+ Qe7 15. Qxe7+ Nxe7 16. O-O-O O-O-O 17. Rde1 Rde8 18. f5 Kd7 19. Na4 Bxd2+ 20. Kxd2 b6 21. Re2 Nc8 22. Rhe1 Rxe2+ 23. Rxe2 Nd6 24. Nc3 h5 25. b4 hxg4 26. hxg4 Rh4 27. Bf3 Rh3 28. Rf2 a6 29. a4 Rg3 30. Ne2 Rh3 31. Nf4 Rh4 32. Ne2 Nc8 33. c3 Kd6 34. d4 Ne7 35. Nc1 Ng8 36. Rg2 Nh6 37. Ne2 Rh3 38. Rg3 Rxg3 39. Nxg3 c5 40. Ke3 Be8 41. a5 cxb4 42. cxb4 bxa5 43. bxa5 Kc6 44. Ne2 Kb5 45. Nc3+ Kxa5 46. Nxd5 Bc6 47. Kf4 Bxd5 48. Bxd5 Kb4 49. g5 fxg5+ 50. Kxg5 Kc3 51. Bb7 Nxf5 52. Kxf5 Kxd4 53. Bxa6 g5 54. Kg4 Ke5 55. Bf1 Kf6 56. Bg2 Ke5 57. Bf3 Kd4 58. Bg2 Kc3 59. Bh3 Kc2 60. Kxg5 1/2-1/2

[Event "December 19 Late 2023"]
[Site "https://www.chess.com"]
[Date "2023.12.19"]
[Round "9"]
[White "Malek, Omid"]
[Black "D`Arruda, Ricardo D."]
[Result "0-1"]
[Board "84"]
[TimeControl "180+1"]
[WhiteFideId "2605384"]
[BlackFideId "100692"]
[WhiteElo "2013"]
[BlackElo "2535"]
[WhiteTeam "CAN"]
[BlackTeam "ARG"]
[WhiteClock "0:01:35"]
[BlackClock "0:00:26"]

1. d4 Nf6 2. Nc3 d5 3. Bf4 g6 4. e3 Bg7 5. h4 h6 6. Nf3 c6 7. Ne5 Nbd7 8. Be2 Nxe5 9. Bxe5 Qa5 10. f3 O-O 11. g4 Nd7 12. Bxg7 Kxg7 13. Qd2 Re8 14. e4 e5 15. O-O-O dxe4 16. fxe4 exd4 17. Qxd4+ Ne5 18. g5 h5 19. Rhf1 Be6 20. a3 Rad8 21. Qe3 Rxd1+ 22. Rxd1 Qb6 23. Qf4 Bc4 24. Qf6+ Kg8 25. Rf1 Qe3+ 26. Kb1 Bxe2 27. Re1 Qg3 28. Rxe2 Qxh4 29. Ka2 Qg4 30. Rf2 Qe6+ 31. b3 Qxf6 32. gxf6 Re6 33. Ne2 Ng4 34. Rf4 Rxf6 35. Rxf6 Nxf6 36. Nc3 h4 37. e5 Ng4 38. e6 fxe6 39. Ne4 h3 40. a4 h2 41. Ng3 Ne3 42. Ka3 Nf5 43. Nh1 g5 44. Kb4 g4 45. a5 g3 46. Kc5 g2 47. a6 bxa6 48. Nf2 g1=Q 49. Kxc6 Qxf2 50. c4 Qd4 51. b4 Qxc4+ 52. Kd7 Qxb4 53. Ke8 Qb7 54. Kd8 Qe7+ 55. Kc8 Nd6+ 56. Kb8 Qb7# 0-1

[Event "December 19 Late 2023"]
[Site "https://www.chess.com"]
[Date "2023.12.19"]
[Round "9"]
[White "Kubatko, Ivan"]
[Black "Tifferet, Shakked"]
[Result "0-1"]
[Board "85"]
[TimeControl "180+1"]
[WhiteFideId "24111473"]
[BlackFideId "2811529"]
[WhiteElo "2285"]
[BlackElo "2142"]
[WhiteTeam "RUS"]
[BlackTeam "ISR"]
[WhiteClock "0:00:05"]
[BlackClock "0:00:08"]

1. e4 c5 2. c3 g6 3. d4 cxd4 4. cxd4 d5 5. exd5 Nf6 6. Nc3 Bg7 7. Qb3 O-O 8. g3 e6 9. dxe6 Bxe6 10. Qxb7 Re8 11. Be3 Nbd7 12. Bg2 Rb8 13. Qxa7 Rxb2 14. Nge2 Bc4 15. Bf3 Re7 16. Qa3 Rc2 17. O-O Qe8 18. Rac1 Rxe3 19. fxe3 Qxe3+ 20. Kg2 Rxe2+ 21. Bxe2 Bxe2 22. Qa8+ Bf8 23. Nxe2 Qxe2+ 24. Rf2 Qe3 25. Rcf1 Qxd4 26. h3 Kg7 27. g4 h6 28. Qf3 Bd6 29. Re2 Be5 30. Qe3 Qd5+ 31. Qf3 Qb5 32. h4 Bc7 33. g5 hxg5 34. hxg5 Qxg5+ 35. Kh1 Qh4+ 36. Kg2 Qh2# 0-1

[Event "December 19 Late 2023"]
[Site "https://www.chess.com"]
[Date "2023.12.19"]
[Round "9"]
[White "Argandona Riveiro, Inigo"]
[Black "Obon Temprano, Sergi"]
[Result "0-1"]
[Board "86"]
[TimeControl "180+1"]
[WhiteFideId "2212072"]
[BlackFideId "2226545"]
[WhiteElo "2391"]
[BlackElo "2135"]
[WhiteTeam "ESP"]
[BlackTeam "ESP"]
[WhiteClock "0:00:00"]
[BlackClock "0:00:50"]

1. Nf3 d5 2. c4 c6 3. d4 Nf6 4. e3 Bf5 5. Nc3 e6 6. Nh4 Be4 7. f3 Bg6 8. g3 Nbd7 9. Qb3 Qb6 10. c5 Qxb3 11. axb3 a6 12. b4 Rc8 13. Nxg6 hxg6 14. Bg2 Be7 15. Bd2 e5 16. f4 e4 17. h3 Ng8 18. Kf2 f5 19. g4 Kf7 20. g5 Bd8 21. Ne2 Ne7 22. h4 Bc7 23. Rh3 Rh7 24. Rah1 Rch8 25. Bf1 Bd8 26. Ng3 Bc7 27. Be2 Bd8 28. Kg2 Bc7 29. h5 gxh5 30. g6+ Kxg6 31. Bxh5+ Kf6 32. Be1 g6 33. Be2 Rxh3 34. Rxh3 Rxh3 35. Kxh3 Kf7 36. Nf1 Nf6 37. Bh4 Neg8 38. Bg5 Bd8 39. Nd2 Ke8 40. Nb3 Kd7 41. Na5 Bxa5 42. bxa5 Ke6 43. Kh4 Kf7 44. b4 Ne7 45. Bd1 Nc8 46. Be2 Na7 47. Kg3 Nh7 48. Bd8 Ke8 49. Bb6 Nb5 50. Bxb5 axb5 51. Kh4 Kf7 52. Bd8 Nf6 53. Bxf6 Kxf6 54. Kh3 g5 55. Kg3 Kg6 0-1

[Event "December 19 Late 2023"]
[Site "https://www.chess.com"]
[Date "2023.12.19"]
[Round "9"]
[White "Lopusiewicz, Piotr"]
[Black "Essing, Arnold"]
[Result "1-0"]
[Board "87"]
[TimeControl "180+1"]
[WhiteFideId "1116029"]
[BlackFideId "4619862"]
[WhiteElo "2286"]
[BlackElo "2257"]
[WhiteTeam "POL"]
[BlackTeam "GER"]
[WhiteClock "0:00:51"]
[BlackClock "0:00:04"]

1. d4 d5 2. c4 e6 3. Nf3 c5 4. cxd5 exd5 5. Nc3 Nc6 6. dxc5 d4 7. Na4 Bxc5 8. Nxc5 Qa5+ 9. Bd2 Qxc5 10. b4 Qb6 11. b5 Qxb5 12. e3 Qd5 13. Nxd4 Nxd4 14. Bc3 Ne7 15. Qxd4 Qxd4 16. Bxd4 O-O 17. Be2 Be6 18. f3 Rfc8 19. Bd3 Nd5 20. Kd2 Nb4 21. Be4 Bd5 22. Bb1 Bxa2 23. Rxa2 Nxa2 24. Bxa2 Rc7 25. Bd5 Rd8 26. e4 b6 27. Rb1 h6 28. h4 Kf8 29. h5 f5 30. Kd3 fxe4+ 31. fxe4 Ke7 32. Bxg7 Kd6 33. Bxh6 Ke5 34. Rf1 Rh7 35. Bf4+ Kf6 36. Bc7+ 1-0

[Event "December 19 Late 2023"]
[Site "https://www.chess.com"]
[Date "2023.12.19"]
[Round "9"]
[White "Silvestre, Christian"]
[Black "Devagharan, Devina"]
[Result "1-0"]
[Board "88"]
[TimeControl "180+1"]
[WhiteFideId "30956269"]
[BlackFideId "2061600"]
[WhiteElo "2276"]
[BlackElo "2432"]
[WhiteTeam "USA"]
[BlackTeam "USA"]
[WhiteClock "0:00:11"]
[BlackClock "0:00:01"]

1. e4 c5 2. Nc3 d6 3. Nf3 Nc6 4. d4 cxd4 5. Nxd4 Nf6 6. Nb3 g6 7. f3 Bg7 8. Be3 Bd7 9. Qd2 h5 10. O-O-O Rc8 11. Kb1 a6 12. h4 O-O 13. Nd5 Ne5 14. Bb6 Qe8 15. Nc7 Rxc7 16. Bxc7 Qc8 17. Ba5 Ba4 18. Bc3 Nc4 19. Bxc4 Qxc4 20. Qd4 Qc6 21. Qd2 Rc8 22. Nd4 Qc7 23. Nb3 Bd7 24. Rdg1 b5 25. g4 hxg4 26. fxg4 b4 27. Bxf6 Bxf6 28. h5 g5 29. h6 Kh7 30. Rh5 Be6 31. Rxg5 Bxg5 32. Qxg5 Rg8 33. Qf4 Qb6 34. Rf1 Rg6 35. g5 a5 36. Nd2 Qb5 37. b3 Qxg5 38. Qxg5 Rxg5 39. Nf3 Rg6 40. Nd4 Kxh6 41. Nc6 Kg7 42. Nxe7 Rg2 43. Nc6 a4 44. Nxb4 axb3 45. axb3 Bd7 46. Re1 Be6 47. Kb2 Kf6 48. Nd3 Ke7 49. Kc3 Rg3 50. Kd4 f6 51. b4 Bf7 52. b5 Rg2 53. Rc1 Be6 54. b6 Bc8 55. c4 Bb7 56. c5 dxc5+ 57. Rxc5 Kd6 58. Rc7 Ba8 59. b7 Bxb7 60. Rxb7 Rg1 61. Rb6+ Ke7 62. Nf4 Rd1+ 63. Ke3 Re1+ 64. Kf3 Rf1+ 65. Kg4 Rg1+ 66. Kf5 Rf1 67. Re6+ Kd7 68. Rxf6 Ke7 69. e5 Kd7 70. Rd6+ Ke7 71. Ra6 Kd7 72. Ra7+ Kc6 73. e6 Kd6 74. Rd7+ Kc6 75. Rd2 Rh1 76. e7 Rh8 77. Ke6 Rh6+ 78. Kf7 Rh7+ 79. Kf8 1-0

[Event "December 19 Late 2023"]
[Site "https://www.chess.com"]
[Date "2023.12.19"]
[Round "9"]
[White "Jesusesmifuerza"]
[Black "Nunez V, Gustavo Eduardo"]
[Result "0-1"]
[Board "89"]
[TimeControl "180+1"]
[BlackFideId "4403690"]
[WhiteElo "2196"]
[BlackElo "2167"]
[BlackTeam "COL"]
[WhiteClock "0:00:01"]
[BlackClock "0:00:43"]

1. e4 c5 2. Nf3 Nc6 3. d4 cxd4 4. Nxd4 e5 5. Nb5 a6 6. Nd6+ Bxd6 7. Qxd6 Qf6 8. Qxf6 Nxf6 9. Nc3 Nb4 10. Bd3 d6 11. Bg5 Nd7 12. O-O-O Nc5 13. Bc4 b5 14. Bd5 Bb7 15. a3 Nxd5 16. Nxd5 Bxd5 17. exd5 f5 18. Be3 Nd7 19. f4 e4 20. h3 Kf7 21. g4 g6 22. Bd4 Rhg8 23. Rhg1 a5 24. b3 a4 25. Kb2 Nf6 26. Bxf6 Kxf6 27. gxf5 gxf5 28. b4 Rxg1 29. Rxg1 Rc8 30. c3 h6 31. Kc2 Kf7 32. Kd2 Rc4 33. Rc1 Kg6 34. Rg1+ Kf7 35. Rg3 e3+ 36. Rxe3 Rxf4 37. Re6 Rh4 38. Rxd6 Rxh3 39. Rb6 f4 40. Rb7+ Kf6 41. d6 Rh2+ 42. Kd3 f3 43. Rb8 Ke6 44. Ke3 f2 45. Rf8 Kxd6 46. Rxf2 Rxf2 47. Kxf2 Kd5 0-1

[Event "December 19 Late 2023"]
[Site "https://www.chess.com"]
[Date "2023.12.19"]
[Round "9"]
[White "Wu, Derek"]
[Black "Su, Dion"]
[Result "1-0"]
[Board "90"]
[TimeControl "180+1"]
[WhiteFideId "30914558"]
[BlackFideId "2029731"]
[WhiteElo "2211"]
[BlackElo "2366"]
[WhiteTeam "USA"]
[BlackTeam "USA"]
[WhiteClock "0:00:31"]
[BlackClock "0:00:10"]

1. d4 Nf6 2. c4 e6 3. Nc3 Bb4 4. Qc2 d6 5. e4 O-O 6. Bd3 e5 7. d5 a5 8. Ne2 Nbd7 9. a3 Bc5 10. h3 Nh5 11. Rb1 Qh4 12. g3 Qf6 13. Nd1 g6 14. h4 Bb6 15. Bh6 Re8 16. Bg5 Qg7 17. b4 h6 18. Be3 axb4 19. Bxb6 Nxb6 20. axb4 Bd7 21. Ne3 Nc8 22. c5 Ne7 23. cxd6 cxd6 24. Qc7 Red8 25. Nc4 Bb5 26. Qxe7 f5 27. Qxg7+ Nxg7 28. exf5 e4 29. Nd4 exd3 30. Nxb5 Nxf5 31. O-O Rac8 32. Ne3 Kf7 33. Nxf5 gxf5 1-0